 Dungeon Crawl Stone Soup version 0.29-a0-88-g03a7b78be7 (webtiles) character file.

Game seed: 3144755265934151926

169 cyrus the Skirmisher (level 5, -7/50 HPs)
             Began as a Naga Fighter on Feb 5, 2022.
             Was a Believer of Nemelex Xobeh.
             Mangled by a kobold brigand (9 damage)
             ... in a sewer on Feb 6, 2022.
             The game lasted 00:09:01 (3147 turns).

cyrus the Skirmisher (Naga Fighter)                 Turns: 3147, Time: 00:09:03

Health: -7/50      AC:  8    Str: 19    XL:     5   Next: 50%
Magic:  0/5        EV:  3    Int:  8    God:    Nemelex Xobeh [**....]
Gold:   37         SH:  4    Dex: 12    Spells: 4/4 levels left

rFire   . . .      SeeInvis +   m - +1 short sword (venom)
rCold   . . .      Faith    .   c - +0 buckler
rNeg    . . .      Spirit   +   l - +0 plate armour
rPois   +          Reflect  .   (no helmet)
rElec   .          Harm     .   (no cloak)
rCorr   .          Rampage  .   (no gloves)
Will    .....                   (no barding)
Stlth   ..........              d - amulet of guardian spirit
HPRegen 0.16/turn               (no ring)
MPRegen 0.09/turn               (no ring)

@: lethally poisoned (-7 -> -8), slowed, very slow
A: AC +1, large, see invisible, deformed body, poison resistance, slowness 2,
spit poison 1, naga tail 1
a: Spit Poison, Renounce Religion, Draw Escape, Draw Destruction, Draw Summoning


You were in a sewer.
You worshipped Nemelex Xobeh.
Nemelex Xobeh was pleased with you.
You visited 1 branch of the dungeon, and saw 3 of its levels.
You also visited: Sewer.

You collected 37 gold pieces.

Inventory:

Hand Weapons
 a - a +0 rapier
 m - a +1 short sword of venom (weapon)
Missiles
 o - 3 poisoned darts
Armour
 b - a +0 scale mail
 c - a +0 buckler (worn)
 l - a +0 plate armour (worn)
Magical Staves
 k - a staff of fire
Jewellery
 d - an amulet of guardian spirit (around neck)
Wands
 j - a wand of paralysis (3)
Scrolls
 e - a scroll of torment {unknown}
 f - 2 scrolls of enchant armour {unknown}
 h - 2 scrolls of teleportation {unknown}
 i - a scroll of identify {unknown}
 n - a scroll of vulnerability {unknown}
 p - a scroll of fog {unknown}
Potions
 g - a potion of curing {unknown}
 q - a potion of mutation {unknown}


   Skills:
 + Level 3.9 Fighting
 + Level 3.7 Short Blades
 + Level 3.1 Armour
 + Level 0.5 Dodging
 + Level 0.4 Stealth
 + Level 2.7 Shields


You had 4 spell levels left.
You didn't know any spells.
Your spell library contained the following spells:

 Spells                   Type           Power      Damage    Failure   Level
 Blink                    Tloc           0%         N/A       100%        2
 Corpse Rot               Necr/Air       0%         N/A       100%        2
 Poisonous Vapours        Pois/Air       0%         N/A       100%        2
 Lesser Beckoning         Tloc           0%         N/A       100%        3
 Manifold Assault         Tloc           0%         N/A       100%        5


Dungeon Overview and Level Annotations

Branches:
Dungeon (3/15)              Sewer (1/1)

Altars:
Nemelex Xobeh


Innate Abilities, Weirdness & Mutations

Your serpentine skin is tough. (AC +1)
You have supernaturally acute eyesight. (SInv)
Armour fits poorly on your strangely shaped body.
Your system is resistant to poisons. (rPois)
You cover ground very slowly.
You can spit poison.
You have a snake-like lower body.


Message History

The curare-tipped dart hits you.
You hit the kobold but do no damage.
You feel very sick.
Aiming: Paralyse
Press: ? - help, Q - select action, (/) - cycle Shift-Dir - straight line, f - kobold brigand
Aim: a kobold brigand, wielding a +0 dagger and quivering curare-tipped darts (chance to affect: 49%)
The kobold brigand suddenly stops moving!
You feel very sick.
The kobold brigand hits you with a +0 short sword!
The kobold hits you with a +0 whip.
You closely miss the kobold brigand.
You feel sick.
The kobold hits you but does no damage. x2
The kobold brigand hits you with a +0 short sword.
Unknown command.
Unknown command.
You closely miss the kobold brigand.
You feel sick. The kobold hits you but does no damage.
The kobold hits you with a +0 whip.
* * * LOW HITPOINT WARNING * * *
The kobold brigand hits you with a +0 short sword.
* * * LOW HITPOINT WARNING * * *
The kobold hits you but does no damage. The kobold barely misses you.
The kobold brigand hits you with a +0 short sword.
* * * LOW HITPOINT WARNING * * *
The kobold hits you but does no damage. The kobold hits you with a +0 dagger.
* * * LOW HITPOINT WARNING * * *
Unknown command.
Unknown command.
You miss the kobold brigand.
You feel sick.
The kobold hits you but does no damage. x2
The kobold brigand hits you with a +0 short sword.
* * * LOW HITPOINT WARNING * * *
The kobold hits you but does no damage.
You barely miss the kobold brigand.
You feel sick. You block the kobold's attack.
The kobold hits you but does no damage.
The kobold brigand hits you with a +0 short sword.
* * * LOW HITPOINT WARNING * * *
The kobold hits you but does no damage. You block the kobold's attack.
The kobold brigand hits you with a +0 short sword!
You die...
Your body disappears without a glow.

...!#≈≈≈#
###''##≈≈≈#
#..≈≈≈≈≈≈≈#
#..≈≈P#≈≈≈#
#...≈≈# #
#..≈≈P#
#.K...#
#KKK..#
##@K..#
##.K≈P#
###...≈≈# ≈
#.....≈P# ≈≈
#.....P≈#≈≈≈
#...†≈≈≈≈≈≈≈
####..P≈≈≈≈≈≈
#.....≈≈≈≈≈≈≈
#.....P≈P≈≈≈≈


You could see 2 kobold brigands and 4 kobolds.

Vanquished Creatures
  An orc priest (D:3)
  A hound skeleton (D:2)
  4 adders
  2 dart slugs (D:1)
  2 orcs (D:3)
  8 ball pythons
  6 endoplasms
  3 giant cockroaches
  3 goblins
  9 hobgoblins
  12 jackals
  A quokka (D:3)
  8 bats
  3 frilled lizards
  7 kobolds
  5 rats
75 creatures vanquished.

Vanquished Creatures (others)
  A plant (Sewer)
1 creature vanquished.

Grand Total: 76 creatures vanquished

Notes
Turn   | Place    | Note
-------+----------+-------------------------------------------
     0 | D:1      | cyrus the Naga Fighter began the quest for the Orb.
     0 | D:1      | Reached XP level 1. HP: 21/21 MP: 1/1
   568 | D:1      | Reached XP level 2. HP: 23/28 MP: 2/2
  1128 | D:1      | Reached XP level 3. HP: 31/34 MP: 3/3
  1225 | D:1      | Found a faded altar of an unknown god.
  1462 | D:1      | Prayed at the altar of an unknown god.
  1462 | D:1      | Became a worshipper of Nemelex Xobeh the Trickster
  1462 | D:1      | Reached * piety under Nemelex Xobeh
  1462 | D:1      | Received a gift from Nemelex Xobeh
  1660 | D:2      | Reached XP level 4. HP: 38/43 MP: 4/4
  2633 | D:3      | Reached ** piety under Nemelex Xobeh
  2719 | D:3      | Reached XP level 5. HP: 50/50 MP: 5/5
  2884 | D:3      | Found a glowing drain.
  2893 | Sewer    | Entered a sewer
  3134 | Sewer    | Noticed a kobold brigand
  3134 | Sewer    | Noticed a kobold brigand
  3147 | Sewer    | HP: 2/50 [kobold brigand (1)]
  3147 | Sewer    | Mangled by a kobold brigand

Illustrated notes

Levels and vault maps discovered:
D:1:      matt_arrival_refuge, layout_rooms, chequers_ecumenical_altar_island
D:2:      layout_basic
D:3:      layout_basic, gup_sewer_entry_bubbles
Sewer:    kennysheep_pipe_town

Skill      XL: |  1  2  3  4 |
---------------+-------------+-----
Short Blades   | 3 |  3.7
Armour         | 3 |  3.1
Fighting       | |  3.9
Dodging        | |  0.5
Stealth        | |  0.4
Shields        | |  2.7

Action                   |  1- 3 |  4- 6 || total
-------------------------+-------+-------++-------
Melee: Rapier            |   127 |    51 ||   178
       Short sword       |       |    47 ||    47
 Abil: Spit Poison       |       |     2 ||     2
Evoke: Wand              |       |     1 ||     1
  Use: Potion            |     1 |       ||     1
Armor: Scale mail        |   106 |    31 ||   137
       Plate armour      |       |    45 ||    45
Dodge: Dodged            |    78 |    25 ||   103
Block: Buckler           |    39 |    28 ||    67

Table legend: (Time is in decaauts)
 A = Elapsed time spent in this place.
 B = Non-inter-level travel time spent in this place.
 C = Inter-level travel time spent in this place.
 D = Time resting spent in this place.
 E = Time spent auto-exploring this place.
 F = Levels seen in this place.
 G = Mean time per level.
                   A        B        C        D        E       F      G
               +--------+--------+--------+--------+--------+-----+--------+
         Total |   3842 |   3834 |      8 |    677 |   2114 |   4 |  960.5 |
       Dungeon |   3521 |   3513 |      8 |    677 |   1919 |   3 | 1173.7 |
         Sewer |    320 |    320 |      0 |      0 |    194 |   1 |  320.0 |
               +--------+--------+--------+--------+--------+-----+--------+

Top non-repeatable levels by time:
     D:1: 1787 daAuts
     D:2: 1148 daAuts
     D:3: 586 daAuts
   Sewer: 320 daAuts
